 Dungeon Crawl Stone Soup version 0.30-a0-634-g8abc85282e (webtiles) character file.

Game seed: 7704601825870692941

270 Newt the Shooter (level 6, -7/44 HPs)
             Began as a Demonspawn Gladiator on Jan 14, 2023.
             Mangled by a black bear (12 damage)
             ... on level 4 of the Dungeon.
             The game lasted 00:02:53 (2052 turns).

Newt the Shooter (Demonspawn Gladiator)             Turns: 2052, Time: 00:02:54

Health: -7/44      AC:  4    Str: 15    XL:     6   Next: 1%
Magic:  0/6        EV: 12    Int:  9    God:
Gold:   206        SH:  3    Dex: 16    Spells: 5/5 levels left

rFire   . . .      SeeInvis .    g - +3 sling (heavy)
rCold   . . .      Faith    .    n - +0 buckler
rNeg    . . .      Spirit   +    b - +0 leather armour
rPois   .          Reflect  .    c - +0 helmet
rElec   .          Harm     +    s - scarf {harm}
rCorr   .          Rampage  .    (no gloves)
Will    .....                    (no boots)
Stlth   ++                       (no amulet)
HPRegen 0.27/turn                (no ring)
MPRegen 0.20/turn                (no ring)

@: no status effects
A: demonic guardian 1, magic shield, magic regeneration
a: no special abilities


You were on level 4 of the Dungeon.
You visited 1 branch of the dungeon, and saw 4 of its levels.

You collected 206 gold pieces.

Inventory:

Hand Weapons
 a - a +0 rapier
 g - a +3 heavy sling (weapon)
Missiles
 d - 3 throwing nets
 e - a javelin
Armour
 b - a +0 leather armour (worn)
 c - a +0 helmet (worn)
 l - a +0 pair of gloves
 n - a +0 buckler (worn)
 s - a scarf of harm (worn)
Jewellery
 k - a +4 ring of slaying
Scrolls
 i - a scroll of amnesia
 r - a scroll of identify
Potions
 f - a potion of attraction
 h - a potion of might
 j - 4 potions of curing {unknown}
 m - a potion of cancellation {unknown}
 o - 6 potions of haste {unknown}
 p - 2 potions of degeneration {unknown}
 q - a potion of heal wounds {unknown}
 t - a potion of resistance {unknown}


   Skills:
 - Level 2.0 Fighting
 - Level 2.6 Short Blades
 + Level 4.4 Ranged Weapons
 - Level 1.7 Throwing
 - Level 2.6 Dodging
 - Level 3.0 Stealth


You had 5 spell levels left.
You didn't know any spells.
Your spell library contained the following spells:

 Spells                   Type           Power      Damage    Failure   Level
 Beastly Appendage        Tmut           0%         N/A       56%         1
 Wereblood                Tmut           0%         N/A       71%         2
 Spider Form              Tmut/Pois      0%         N/A       91%         3


Dungeon Overview and Level Annotations

Branches:
Dungeon (4/15)
 Temple: D:4-7

Altars:
Hepliaklqana


Innate Abilities, Weirdness & Mutations

A weak demonic guardian rushes to your aid.
When hurt, damage is shared between your health and your magic reserves.
You regenerate magic rapidly.


Message History

The ball python constricts you. Something hits your ufetubus.
The black bear bites you.
* * * LOW HITPOINT WARNING * * *
The black bear closely misses you. x2; The orc barely misses you.
You are too injured to fight recklessly!
You are too injured to fight recklessly!
You are too injured to fight recklessly!
You are too injured to fight recklessly!
You are too injured to fight recklessly!
You are too injured to fight recklessly!
You are too injured to fight recklessly!
You are too injured to fight recklessly!
You are too injured to fight recklessly!
You are too injured to fight recklessly!
You are too injured to fight recklessly!
You are too injured to fight recklessly!
You are too injured to fight recklessly!
You are too injured to fight recklessly!
You are too injured to fight recklessly!
You are too injured to fight recklessly!
You are too injured to fight recklessly!
Unknown command.
You escape the ball python's grasp.
The ball python attacks as you move away!
The ball python misses you. The ball python barely misses you.
The orc attacks as you move away! You block the orc's attack.
Your ufetubus misses the ball python. x2
You see here 6 stones.
Unknown command.
You shoot a sling bullet.
The sling bullet closely misses the black bear.
The sling bullet hits the orc!
You kill the orc!
You hear the slow rusting of a drain very nearby.
The black bear closely misses you. x2; The black bear claws you.
* * * LOW HITPOINT WARNING * * *
Your ufetubus closely misses the ball python. x2
The black bear barely misses you. x3; Your ufetubus hits the ball python. x2
The black bear bites you!
You die...

#..(####.##########
#<..# ##...........
##..###........#
##..##........####
#..##..).........
#..##....>.).####
#..##........#
#...#........#
#.#.######@##.....
..... #h# .....
..........So......
...#..5........
.........)...
≈~≈~##...#.....
~≈~~ #...#...## .~.
~.... ..# .. ~~#..
..#


You could see a black bear (berserk), an orc, a ball python (ally target) and a
friendly ufetubus (summoned).

Vanquished Creatures
  A wight (D:3)
  6 gnolls
  7 adders (D:2)
  A white imp (D:2)
  2 worms (D:2)
  4 dart slugs
  4 orcs
  4 endoplasms
  2 giant cockroaches
  6 goblins
  6 hobgoblins
  2 jackals (D:3)
  7 kobolds
  3 quokkas (D:1)
  5 ball pythons
  11 bats
  3 frilled lizards
  9 rats
83 creatures vanquished.

Notes
Turn   | Place    | Note
-------+----------+-------------------------------------------
     0 | D:1      | Newt the Demonspawn Gladiator began the quest for the Orb.
     0 | D:1      | Reached XP level 1. HP: 16/16 MP: 1/1
    17 | D:1      | Reached skill level 1 in Stealth
   138 | D:1      | Found a faded altar of an unknown god.
   214 | D:1      | Gained mutation: A weak demonic guardian rushes to your
                  | aid. [demonic ancestry]
   214 | D:1      | Reached XP level 2. HP: 22/22 MP: 2/2
   600 | D:2      | Gained mutation: You regenerate magic rapidly. [demonic
                  | ancestry]
   600 | D:2      | Reached XP level 3. HP: 26/27 MP: 3/3
   739 | D:2      | Reached skill level 1 in Ranged Weapons
   900 | D:2      | Gained mutation: When hurt, damage is shared between your
                  | health and your magic reserves. [demonic ancestry]
   900 | D:2      | Reached XP level 4. HP: 33/33 MP: 4/4
   999 | D:2      | Reached skill level 2 in Ranged Weapons
  1323 | D:3      | Reached skill level 3 in Ranged Weapons
  1323 | D:3      | Reached XP level 5. HP: 24/38 MP: 2/5
  1599 | D:3      | Reached skill level 4 in Ranged Weapons
  1940 | D:3      | Found a hazy altar of Hepliaklqana.
  2027 | D:4      | Reached XP level 6. HP: 44/44 MP: 6/6
  2052 | D:4      | Mangled by a black bear

Illustrated notes

Levels and vault maps discovered:
D:1:      dpeg_arrival_ratfight, layout_rooms,
          shapermc_ecumenical_altar_hornbeckon
D:2:      layout_loops_ring
D:3:      minmay_recursive_quarters, layout_rooms,
          worldfamousw_hep_ancestral_shrine
D:4:      cheibrodos_quashed, layout_basic, cheibrodos_sewer_entry_sluice,
          minmay_quantized, uniq_blork_the_orc

Skill      XL: |  1  2  3  4  5 |
---------------+----------------+-----
Stealth        | 1 2 3 |  3.0
Ranged Weapons | 1 3 4 |  4.4
Fighting       | |  2.0
Short Blades   | |  2.6
Throwing       | |  1.7
Dodging        | |  2.6

Action                   |  1- 3 |  4- 6 || total
-------------------------+-------+-------++-------
Melee: Rapier            |     9 |       ||     9
 Fire: Sling             |    70 |   102 ||   172
  Use: Scroll            |     6 |     6 ||    12
Armor: Leather armour    |    12 |    18 ||    30
Dodge: Dodged            |    21 |    79 ||   100
Block: Buckler           |     3 |     8 ||    11

Table legend: (Time is in decaauts)
 A = Elapsed time spent in this place.
 B = Non-inter-level travel time spent in this place.
 C = Inter-level travel time spent in this place.
 D = Time resting spent in this place.
 E = Time spent auto-exploring this place.
 F = Levels seen in this place.
 G = Mean time per level.
                   A        B        C        D        E       F      G
               +--------+--------+--------+--------+--------+-----+--------+
         Total |   2231 |   2152 |     79 |    140 |   1487 |   4 |  557.8 |
       Dungeon |   2231 |   2152 |     79 |    140 |   1487 |   4 |  557.8 |
               +--------+--------+--------+--------+--------+-----+--------+

Top non-repeatable levels by time:
     D:2: 873 daAuts
     D:3: 697 daAuts
     D:1: 610 daAuts
     D:4: 49 daAuts
